 Dungeon Crawl Stone Soup version 0.20-a0-187-ge5586d949a (webtiles) character file.

26 mopl the Vexing (level 2, -2/11 HPs)
             Began as a Felid Enchanter on Nov 23, 2016.
             Slain by a worm (11 damage)
             ... on level 2 of the Dungeon.
             The game lasted 00:01:47 (1058 turns).

mopl the Vexing (Felid Enchanter)                   Turns: 1058, Time: 00:01:48

Health: -2/11      AC:  1    Str:  4    XL:     2   Next: 89%
Magic:  0/6        EV: 18    Int: 16    God:
Gold:   51         SH:  0    Dex: 16    Spells: 2/5 levels left
                                        Lives:  0   Deaths: 0

rFire  . . .     SeeInvis +       - Unarmed
rCold  . . .     Gourm    .     (armour unavailable)
rNeg   . . .     Faith    .     (shield unavailable)
rPois  .         Spirit   .     (helmet unavailable)
rElec  .         Reflect  .     (cloak unavailable)
rCorr  .         Harm     .     (gloves unavailable)
MR     .....                    (boots unavailable)
Stlth  +++.......               (no amulet)
                                (no ring)
                                (no ring)

@: quick
A: no armour, no weapons or thrown items, stealth, claws 1, fangs 3, see
invisible, carnivore 3, speed 1, shaggy fur 1, slow metabolism 1, sharp paws
a: no special abilities


You were on level 2 of the Dungeon.
You were completely stuffed.

You visited 1 branch of the dungeon, and saw 2 of its levels.

You collected 51 gold pieces.

Inventory:

Scrolls
 f - a scroll of amnesia {unknown}
 h - a scroll of remove curse {unknown}
 i - a scroll of fog {unknown}
Potions
 c - a potion of ambrosia {unknown}
 d - a potion of curing {unknown}
 e - a potion of magic {unknown}
 g - a potion of resistance {unknown}
Books
 a - a book of Maledictions

   Spells                             Type                      Level
   a - Corona                         Hexes                        1
   b - Ensorcelled Hibernation        Hexes/Ice                    2
   c - Confuse                        Hexes                        3
   d - Tukima's Dance                 Hexes                        3
   e - Dazzling Spray                 Conjuration/Hexes            3
Comestibles
 b - 2 meat rations


   Skills:
 - Level 2.6 Dodging
 * Level 4.5 Stealth
 * Level 1.4 Unarmed Combat
 + Level 2.1 Spellcasting
 * Level 5.0 Hexes
 + Level 0.5 Ice Magic


You had 2 spell levels left.
You knew the following spells:

 Your Spells              Type           Power        Failure   Level  Hunger
a - Corona                Hex            ###....      2%          1    #......
b - Ensorcelled Hibernat  Hex/Ice        ##....       12%         2    ###....


Dungeon Overview and Level Annotations

Branches:
Dungeon (2/15)

Altars:


Innate Abilities, Weirdness & Mutations

You cannot wear armour.
You are incapable of wielding weapons or throwing items.
Your paws allow you to move quietly. (Stealth)
You have sharp claws.
You have razor-sharp teeth.
You have supernaturally acute eyesight. (SInv)
You are carnivorous and can eat meat at any time.
You cover ground quickly.
You are covered in fur. (AC +1)
You have a slow metabolism.
Your sharp claws are effective at attacking unaware monsters.


Message History

You barely miss the jackal.
The jackal is severely wounded.
The jackal closely misses you.
You scratch the jackal but do no damage.
The jackal is severely wounded.
The jackal misses you.
You scratch the jackal.
You kill the jackal!
Casting: Ensorcelled Hibernation
Confirm with . or Enter, or press ? or * to list all spells.
Aiming: Ensorcelled Hibernation
Press: ? - help, Shift-Dir - straight line, f/p - worm
Aim: a worm (moderately wounded, chance to defeat MR: 50%)
The worm looks drowsy...
You pounce on the unaware helpless worm!
You claw the worm!
The worm is almost dead.
The worm bites you!
Ouch! That really hurt!
You die...

### ..# ## ..
####.. .## #.
#..%
....$#.#####.#
#.....hgw@.<#
###...g######
#.....
..>..#...
####..#... ##<
##.. #. #.. #.
...


You could see a worm, a jackal, a hobgoblin and a goblin.

Vanquished Creatures
  An ooze (D:1)
  A dart slug (D:1)
  A leopard gecko (D:1)
  2 bats
  2 giant cockroaches (D:1)
  A goblin (D:1)
  2 hobgoblins (D:1)
  A jackal (D:2)
  4 frilled lizards
  4 kobolds (D:1)
19 creatures vanquished.

Notes
Turn   | Place    | Note
-------+----------+-------------------------------------------
     0 | D:1      | mopl the Felid Enchanter began the quest for the Orb.
     0 | D:1      | Reached XP level 1. HP: 7/7 MP: 4/4
   175 | D:1      | Reached XP level 2. HP: 10/11 MP: 6/6
   179 | D:1      | Learned a level 2 spell: Ensorcelled Hibernation
   601 | D:1      | Reached skill level 5 in Hexes
  1058 | D:2      | Slain by a worm

Vault maps used:
D:1:      saegor_arrival_simple_b, hangedman_decor_points, hex_medium
D:2:      nemelex_xobeh_ov_fountains_minmay, first_bread

Skill      XL: |  1  2 |
---------------+-------+-----
Hexes          | 5 |  5.0
Dodging        | |  2.6
Stealth        | |  4.5
Unarmed Combat | |  1.4
Spellcasting   | |  2.1
Ice Magic      | |  0.5

Action                   || total
-------------------------++-------
Melee: Unarmed           ||    51
       Bite              ||     3
 Cast: Corona            ||     3
       Ensorcelled Hiber ||    11
 Stab: Sleeping          ||    13
  Eat: Chunk             ||     8
Armor: Skin              ||     3
Dodge: Dodged            ||    46
